 Dungeon Crawl Stone Soup version 0.30-a0-778-g2ef04afb54 (webtiles) character file.

Game seed: 12603457354841882516

49 Flugslaktarn the Covered (level 3, -1/33 HPs)
             Began as a Minotaur Fighter on Feb 16, 2023.
             Slain by an orc priest
             ... wielding a +2 short sword of venom
              (2 damage)
             ... on level 3 of the Dungeon.
             The game lasted 00:00:34 (929 turns).

Flugslaktarn the Covered (Minotaur Fighter)          Turns: 929, Time: 00:00:34

Health: -1/33      AC:  8    Str: 22    XL:     3   Next: 51%
Magic:  2/2        EV:  9    Int:  5    God:
Gold:   53         SH:  4    Dex:  9    Spells: 2/2 levels left

rFire   . . .      SeeInvis .    a - +0 war axe
rCold   . . .      Faith    .    l - +0 buckler
rNeg    . . .      Spirit   .    b - +0 scale mail
rPois   .          Reflect  .    (helmet restricted)
rElec   .          Harm     .    (no cloak)
rCorr   .          Rampage  .    (no gloves)
Will    .....                    e - +0 pair of boots Stlth
                                 (no amulet)
HPRegen 0.25/turn                (no ring)
MPRegen 0.08/turn                (no ring)

@: lethally poisoned (-1 -> -4), hasted, very quick
A: horns 2, retaliatory headbutt
a: no special abilities


You were on level 3 of the Dungeon.
You visited 1 branch of the dungeon, and saw 3 of its levels.

You collected 53 gold pieces.

Inventory:

Hand Weapons
 a - a +0 war axe (weapon)
Armour
 b - a +0 scale mail (worn)
 e - a +0 pair of boots (worn)
   (You found it on level 1 of the Dungeon)
 l - a +0 buckler (worn)
Jewellery
 c - a ring of protection from cold
   (You found it on level 1 of the Dungeon)
Scrolls
 f - a scroll of amnesia {unknown}
 h - 2 scrolls of identify {unknown}
 n - a scroll of fear {unknown}
Potions
 d - a potion of might
 i - a potion of flight {unknown}
 j - a potion of mutation {unknown}
 k - a potion of lignification {unknown}
 m - a potion of degeneration {unknown}
 o - a potion of attraction {unknown}


   Skills:
 + Level 4.0 Fighting
 * Level 3.6 Axes
 + Level 4.1 Armour
 + Level 4.1 Shields


You had 2 spell levels left.
You didn't know any spells.
Your spell library was empty.

Dungeon Overview and Level Annotations

Branches:
Dungeon (2/15)

Altars:


Innate Abilities, Weirdness & Mutations

You have a pair of horns on your head.
You reflexively headbutt those who attack you in melee.


Message History

No target in view!
No target in view!
You see here a quokka corpse.
There is a stone staircase leading up here.
Found a spear.
You see here a +0 spear.
Found a short sword.
Found a ring mail.
No target in view!
No target in view!
No target in view!
No target in view!
No target in view!
No target in view!
You see here a +0 ring mail.
m - a viscous cyan potion You now have 53 gold pieces (gained 6).
n - a scroll labelled NERREOG IFERA
o - a smoky silvery potion A rat comes into view.
The rat barely misses you.
You closely miss the rat. Your headbutt misses the rat.
The rat bites you but does no damage.
You hit the rat but do no damage. The rat bites you but does no damage.
The rat closely misses you.
You closely miss the rat. The rat bites you but does no damage.
You barely miss the rat. Your headbutt misses the rat.
The rat bites you but does no damage.
You slash the rat!
You kill the rat!
No target in view!
No target in view!
Found a stone staircase leading down.
A sourceless malevolence fills the Dungeon...
You fall into a shaft and drop 1 floor!
The shaft crumbles and collapses.
Found a leather armour.
You open the door.
An adder comes into view.
An adder is nearby!
The adder barely misses you.
There is an open door here.
You barely miss the adder. The adder bites you. The adder barely misses you.
You furiously retaliate!
You headbutt the adder. You closely miss the adder.
The adder is lightly wounded.
The adder bites you.
You are poisoned.
The adder poisons you!
You miss the adder.
The adder is lightly wounded.
You feel sick. You block the adder's attack. x2
You closely miss the adder.
The adder is lightly wounded.
You feel sick. The adder barely misses you. You furiously retaliate!
You headbutt the adder!
You kill the adder!
No target in view!
No target in view!
No target in view!
You feel sick.
You are no longer poisoned.
HP restored.
An orc priest and 2 orcs come into view.
The orc priest is wielding a +2 short sword of venom.
Found 10 gold pieces.
The orc shouts!
The orc priest shouts!
The orc shouts!
You hear a shout!
An orc comes into view. It is wielding a +0 short sword.
There are monsters nearby!
There are monsters nearby!
The orc priest begins to cast a cantrip, but forgets the words!
You closely miss the orc priest. Your headbutt misses the orc priest.
You hit the orc.
The orc priest hits you with a +2 short sword of venom.
You are poisoned.
The orc hits you but does no damage.
You hit the orc.
You kill the orc!
You hit the orc priest. You completely miss the orc.
You feel very sick.
The orc priest hits you with a +2 short sword of venom.
The orc hits you but does no damage. x2
You feel sick.
The orc priest mumbles some strange prayers to Beogh against you.
Beogh smites you!
Ouch! That really hurt!
* * * LOW HITPOINT WARNING * * *
The orc hits you with a +0 short sword.
* * * LOW HITPOINT WARNING * * *
The orc hits you with a +0 dagger.
* * * LOW HITPOINT WARNING * * *
You are too injured to fight recklessly!
You are too injured to fight recklessly!
You are too injured to fight recklessly!
Unknown command.
It was a potion of haste.
You feel yourself speed up.
* * * LOW HITPOINT WARNING * * *
You feel sick.
The orc priest hits you with a +2 short sword of venom.
You die...

.......# ......#
.....# ....#######
.......... #######
#......$.. #.....#
#o....# #.....#
#o@...#
####.....#####.o...#
...[.....##.....####
####.....##.##..#
#######'##.##..#
...........##..#
...........#####
...........#
...........#


You could see an orc priest and 2 orcs.

Vanquished Creatures
  An adder (D:3)
  An orc (D:3)
  3 bats (D:1)
  2 endoplasms (D:1)
  2 giant cockroaches (D:1)
  4 hobgoblins (D:1)
  4 jackals (D:1)
  3 quokkas
  A ball python (D:1)
  4 goblins
  3 kobolds (D:1)
  6 rats
34 creatures vanquished.

Notes
Turn   | Place    | Note
-------+----------+-------------------------------------------
     0 | D:1      | Flugslaktarn the Minotaur Fighter began the quest for the
                  | Orb.
     0 | D:1      | Reached XP level 1. HP: 19/19 MP: 0/0
    54 | D:1      | Reached XP level 2. HP: 24/27 MP: 1/1
   595 | D:1      | Reached XP level 3. HP: 32/33 MP: 2/2
   881 | D:2      | You fall into a shaft and drop 1 floor!
   929 | D:3      | HP: 1/33 [poisoned by an orc priest]
   929 | D:3      | Slain by an orc priest

Illustrated notes

Levels and vault maps discovered:
D:1:      lightli_arrival_maybe_door_vault, layout_basic,
          minmay_misc_feat_columns
D:2:      layout_basic, minmay_misc_feat_rugged, nrook_loot_triangle,
          reono_crystal_passage, minmay_misc_feat_enclosed
D:3:      layout_basic, amethyst_killhole, kennysheep_doodads,
          minmay_snake_closets

Skill      XL: |  1  2  3 |
---------------+----------+-----
Axes           | 3 |  3.6
Armour         | 4 |  4.1
Shields        | 4 |  4.1
Fighting       | 4 |  4.0

Action                     || total
---------------------------++-------
  Melee: War axe           ||    65
         Headbutt          ||     7
    Use: Potion            ||     1
 Armour: Scale mail        ||    34
  Dodge: Dodged            ||    26
  Block: Buckler           ||    15

Table legend: (Time is in decaauts)
 A = Elapsed time spent in this place.
 B = Non-inter-level travel time spent in this place.
 C = Inter-level travel time spent in this place.
 D = Time resting spent in this place.
 E = Time spent auto-exploring this place.
 F = Levels seen in this place.
 G = Mean time per level.
                   A        B        C        D        E       F      G
               +--------+--------+--------+--------+--------+-----+--------+
         Total |    953 |    930 |     23 |      0 |    737 |   3 |  317.7 |
       Dungeon |    953 |    930 |     23 |      0 |    737 |   3 |  317.7 |
               +--------+--------+--------+--------+--------+-----+--------+

Top non-repeatable levels by time:
     D:1: 704 daAuts
     D:2: 198 daAuts
     D:3: 50 daAuts
